 Dungeon Sprint DCSS version 0.26-a0-84-g8c18429211 (webtiles) character file.

Game seed: 4702209642585005254

12464 Conn the Eclecticist (level 11, -5/67 (69) HPs)
             Began as an Octopode Wizard on June 19, 2020.
             Was a High Priest of Sif Muna.
             Slain by an unseen horror (7 damage)
             ... in the Dungeon (Sprint I: "Red Sonja").
             The game lasted 00:49:07 (4434 turns).

Conn the Eclecticist (Octopode Wizard)              Turns: 4434, Time: 00:49:07

HP:   -5/67 (69)    AC:  1    Str:  6    XL:     11   Next: 93%
MP:   11/30         EV: 15    Int: 21    God:    Sif Muna [*****.]
Gold: 192           SH:  5    Dex: 12    Spells: 5/41 levels left

rFire    + . .     SeeInvis .   i - +2 dagger "Heepapyec" {protect, rF+ rN+ MR-}
rCold    . . .     Gourm    .   (no shield)
rNeg     + . .     Faith    .   j - +0 hat
rPois    .         Spirit   .   c - amulet of reflection
rElec    .         Reflect  +   h - ring of wizardry
rCorr    .         Harm     .   (no ring)
MR       .....     NoTele   +   (no ring)
Stlth    +++++.....             (no ring)
HPRegen  0.21/turn              (no ring)
MPRegen  0.22/turn              (no ring)
                                (no ring)
                                (no ring)

@: frozen ramparts
A: almost no armour, stealthy swim, amphibious, 8 rings, constrict 8, camouflage
1, dopey 1, gelatinous body 1
a: Channel Magic, Forget Spell, Divine Exegesis, Renounce Religion


You were in the Dungeon.
You worshipped Sif Muna.
Sif Muna was extremely pleased with you.
You were hungry.

You visited 1 branch You collected 1256 gold pieces.
You spent 1064 gold pieces at shops.

Inventory:

Hand Weapons
 a - a +1 dagger of distortion
 b - a +2 hunting sling of freezing
 i - the +2 dagger "Heepapyec" (weapon) {protect, rF+ rN+ MR-}
   (You found it in the Dungeon)

   It grants its wielder temporary protection when it strikes (+7 to AC).
   It protects you from fire.
   It protects you from negative energy.
   It affects your resistance to hostile enchantments.
Missiles
 l - 6 curare-tipped darts (quivered)
 o - 30 sling bullets
Armour
 j - a +0 hat (worn)
Jewellery
 c - an amulet of reflection (around mantle)
 h - a ring of wizardry (left tentacle)
Wands
 n - a wand of flame (21)
Scrolls
 k - a scroll of identify
Potions
 d - 4 potions of curing
 e - a potion of heal wounds
 f - a potion of ambrosia {unknown}
 g - 2 potions of magic
 p - a potion of invisibility {unknown}
 q - a potion of might {unknown}
Comestibles
 m - a ration


   Skills:
 * Level 4.0 Fighting
 + Level 4.7 Short Blades
 + Level 2.9 Throwing
 + Level 5.2 Dodging
 + Level 10.7 Stealth
 + Level 15.5 Spellcasting
 * Level 13.5 Conjurations
 - Level 8.2 Summonings
 + Level 3.0 Translocations
   Level 3.6 Fire Magic
 + Level 8.4 Ice Magic
 + Level 5.0 Air Magic
 + Level 6.3 Poison Magic
 - Level 8.0 Invocations


You had 5 spell levels left.
You knew the following spells:

 Your Spells              Type           Power        Failure   Level  Hunger
a - Magic Dart            Conj           ####         0%          1    None
b - Blink                 Tloc           N/A          1%          2    None
c - Call Imp              Summ           ######..     1%          2    None
d - Iskenderun's Battles  Conj/Chrm      #####...     2%          5    ###....
e - Mephitic Cloud        Conj/Pois/Air  ######..     1%          3    None
f - Hailstorm             Conj/Ice       ######..     1%          4    None
g - Summon Ice Beast      Ice/Summ       ######..     1%          4    None
h - Frozen Ramparts       Ice            ######       1%          3    None
i - Spellforged Servitor  Conj/Summ      ######....   14%         7    ######.
j - Lightning Bolt        Conj/Air       ######....   1%          5    ###....

Your spell library contained the following spells:

 Spells                   Type           Power        Failure   Level  Hunger
 Searing Ray              Conj           ######       0%          2    None
 Foxfire                  Conj/Fire      ####         1%          1    None
 Summon Butterflies       Summ           ######..     1%          1    None
 Call Canine Familiar     Summ           ######..     1%          3    None
 Conjure Flame            Conj/Fire      ######..     1%          3    None
 Dazzling Flash           Conj/Hex       #####.       1%          3    None
 Recall                   Summ/Tloc      N/A          1%          3    None
 Static Discharge         Conj/Air       ######..     1%          3    None
 Sticky Flame             Conj/Fire      ######..     1%          4    None
 Aura of Abjuration       Summ           ######....   1%          5    ###....
 Slow                     Hex            ###.....     2%          2    None
 Bolt of Magma            Conj/Fire/Erth #####.....   4%          5    ###....
 Summon Forest            Summ/Tloc      #####.....   4%          5    ###....
 Metabolic Englaciation   Hex/Ice        ####......   8%          5    ###....
 Orb of Destruction       Conj           ######....   4%          7    ######.
 Freezing Cloud           Conj/Ice/Air   ######....   6%          6    #####..
 Starburst                Conj/Fire      ######....   7%          6    #####..
 Summon Hydra             Summ           ######....   38%         7    ######.
 Summon Horrible Things   Summ           ######....   96%         8    #######
 Lehudib's Crystal Spear  Conj/Erth      #####.....   99%         8    #######
 Absolute Zero            Ice            ######....   100%        9    #######


Dungeon Overview and Level Annotations

Branches:
Dungeon (1/1)

Altars:
Cheibriados
Dithmenos
Elyvilon
Fedhas
Gozag
Hepliaklqana
Kikubaaqudgha
Makhleb
Nemelex Xobeh
Okawaru
Qazlal
Ru
Sif Muna
Trog
Uskayaw
Vehumet
Wu Jian
Xom
Yredelemnul
Zin
The Shining One
Jiyva
Lugonu

Shops:
D [=!%}}??==[}[*%*!*:[%


Innate Abilities, Weirdness & Mutations

You cannot wear most types of armour.
You are very stealthy in the water. (Stealth+)
You are amphibious.
You can wear up to eight rings at the same time.
You can use your tentacles to constrict eight enemies at once.
Your skin changes colour to match your surroundings (Stealth+).
Your rubbery body absorbs attacks. (AC +1, EV +1)
You are dopey. (Int -2)


Message History

The wall freezes something.
Something hits you!
* * * LOW HITPOINT WARNING * * *
The wall freezes something.
Okay, then.
Unknown command.
Casting: Hailstorm (safe; 1% risk of failure)
Confirm with . or Enter, or press ? or * to list all spells.
Okay, then.
Unknown command.
Unknown command.
Unknown command.
Casting: Hailstorm (safe; 1% risk of failure)
Confirm with . or Enter, or press ? or * to list all spells.
Aiming: Lightning Bolt (dangerous; 1% risk of failure)
Press: ? - help, Shift-Dir - straight line You hear a mighty clap of thunder!
The wall freezes something.
Something hits you.
* * * LOW HITPOINT WARNING * * *
The wall freezes something.
Something hits you!
You die...

######################
...#..#§§§.'§§.§..'..#
...##'#§####§§..§##§§+
...'§÷#§# ##§§§######
####÷÷§.# ###§# $)##
..##+#### #.##$$$#
§.#.○°°○# #{@###$#
§.#°°.°.+ ##.#)#$#
#'###^○.# #..###$#
#.'.#.°.# #.##..$#
###.#..## #..#+###
∩##§#^^# ##.{{#
###.##+# ###{# .##§#
.# †.†§# #


There were no monsters in sight!

Vanquished Creatures
  A daeva (D)
  A hydra (D)
  2 centaur warriors (D)
  Sonja (D)
  3 unseen horrors (D)
  A deep troll (D)
  A lindwurm (D)
  An oklob plant (D)
  A shining eye (D)
  2 kobold demonologists (D)
  A demonic crawler (D)
  A hornet (D)
  Sigmund (D)
  A redback (D)
  A yak (D)
  11 hogs (D)
  3 floating eyes (D)
  4 necrophages (D)
  A jelly (D)
  Ijyb (D)
  2 ballistomycete spores (D)
41 creatures vanquished.

Vanquished Creatures (collateral kills)
  7 shining eyes (D)
  A gargoyle (D)
  3 demonic crawlers (D)
  A slime creature (D)
  2 hogs (D)
  4 floating eyes (D)
  3 necrophages (D)
  An ogre (D)
  7 jellies (D)
29 creatures vanquished.

Vanquished Creatures (others)
  A gargoyle (D)
  A redback (D)
2 creatures vanquished.

Grand Total: 72 creatures vanquished

Notes
Turn   | Place    | Note
-------+----------+-------------------------------------------
     0 | D        | Conn the Octopode Wizard began the quest for the Orb.
     0 | D        | Reached XP level 1. HP: 11/11 MP: 4/4
     1 | D        | Noticed Ijyb
    13 | D        | Killed Ijyb
    13 | D        | Reached skill level 5 in Spellcasting
    13 | D        | Reached XP level 2. HP: 7/17 MP: 5/8
    13 | D        | Reached XP level 3. HP: 8/21 MP: 5/9
   237 | D        | Learned a level 2 spell: Blink
   240 | D        | Learned a level 2 spell: Call Imp
   244 | D        | Learned a level 3 spell: Conjure Flame
   248 | D        | Learned a level 3 spell: Mephitic Cloud
   286 | D        | Noticed an ogre
   292 | D        | Killed an ogre
   292 | D        | Reached skill level 6 in Spellcasting
   292 | D        | Reached XP level 4. HP: 27/27 MP: 5/12
   298 | D        | Noticed Sigmund
   306 | D        | Killed Sigmund
   306 | D        | Reached skill level 8 in Spellcasting
   306 | D        | Reached XP level 5. HP: 31/31 MP: 6/16
   335 | D        | Found an ornate altar of the Wu Jian Council.
   335 | D        | Found a shimmering blue altar of Sif Muna.
   337 | D        | Found a radiant altar of Vehumet.
   341 | D        | Became a worshipper of Sif Muna the Loreminder
   344 | D        | Reached skill level 9 in Spellcasting
   493 | D        | Found Saehutt's Food Emporium.
   493 | D        | Found an ancient bone altar of Kikubaaqudgha.
   493 | D        | Found a hazy altar of Hepliaklqana.
   493 | D        | Found a stormy altar of Qazlal.
   493 | D        | Found a hide-covered altar of Uskayaw.
   493 | D        | Found a blossoming altar of Fedhas.
   493 | D        | Found a bloodstained altar of Trog.
   493 | D        | Found an iron altar of Okawaru.
   493 | D        | Found a basalt altar of Yredelemnul.
   493 | D        | Found a glowing golden altar of the Shining One.
   493 | D        | Found a snail-covered altar of Cheibriados.
   493 | D        | Found a sacrificial altar of Ru.
   493 | D        | Found a glowing silver altar of Zin.
   493 | D        | Found a shadowy altar of Dithmenos.
   493 | D        | Found a white marble altar of Elyvilon.
   493 | D        | Noticed a yak
   503 | D        | Found an opulent altar of Gozag.
   504 | D        | Found a sparkling altar of Nemelex Xobeh.
   510 | D        | Killed a yak
   510 | D        | Reached skill level 5 in Stealth
   510 | D        | Reached skill level 10 in Spellcasting
   510 | D        | Reached skill level 5 in Conjurations
   510 | D        | Reached XP level 6. HP: 29/37 MP: 8/19
   582 | D        | Found a viscous altar of Jiyva.
   582 | D        | Found a corrupted altar of Lugonu.
   582 | D        | Noticed a slime creature
   583 | D        | Found a burning altar of Makhleb.
   583 | D        | Found a shimmering altar of Xom.
   608 | D        | Killed a slime creature
   608 | D        | Reached * piety under Sif Muna
   608 | D        | Reached skill level 1 in Fighting
   608 | D        | Reached skill level 1 in Short Blades
   608 | D        | Reached XP level 7. HP: 43/43 MP: 6/21
   753 | D        | Noticed a kobold demonologist
   754 | D        | Noticed a kobold demonologist
   758 | D        | Paralysed by a floating eye for 2 turns
   761 | D        | Reached skill level 1 in Invocations
   762 | D        | Noticed a chaos spawn
   771 | D        | Killed a kobold demonologist
   771 | D        | Reached skill level 11 in Spellcasting
   771 | D        | Reached skill level 1 in Fire Magic
   782 | D        | Killed a kobold demonologist
   782 | D        | Reached ** piety under Sif Muna
   782 | D        | Reached skill level 5 in Summonings
   782 | D        | Reached skill level 1 in Poison Magic
   782 | D        | Reached XP level 8. HP: 46/48 MP: 10/23
   871 | D        | Noticed Sonja
   900 | D        | Killed Sonja
   900 | D        | Reached skill level 12 in Spellcasting
   900 | D        | Reached skill level 1 in Air Magic
   900 | D        | Reached skill level 5 in Invocations
   922 | D        | Found Dajiw's Armour Boutique.
  1016 | D        | Noticed a deep troll
  1045 | D        | Killed a deep troll
  1045 | D        | Reached XP level 9. HP: 53/53 MP: 0/25
  1192 | D        | Found Ediud's Armour Emporium.
  1226 | D        | Noticed a centaur warrior
  1229 | D        | Noticed a centaur warrior
  1283 | D        | Killed a centaur warrior
  1297 | D        | Noticed a hornet
  1298 | D        | Killed a centaur warrior
  1298 | D        | Reached *** piety under Sif Muna
  1298 | D        | Reached skill level 1 in Throwing
  1298 | D        | Reached skill level 10 in Conjurations
  1298 | D        | Reached XP level 10. HP: 20/59 MP: 0/26
  1518 | D        | Reached skill level 13 in Spellcasting
  1650 | D        | Noticed an oklob plant
  1710 | D        | Noticed a shining eye
  1710 | D        | Noticed a shining eye
  1710 | D        | Noticed a shining eye
  1747 | D        | Reached skill level 5 in Poison Magic
  1751 | D        | Killed a shining eye
  1781 | D        | Killed a shining eye
  1781 | D        | Reached **** piety under Sif Muna
  1825 | D        | Killed a shining eye
  1831 | D        | Noticed a shining eye
  1831 | D        | Noticed a shining eye
  1831 | D        | Noticed a shining eye
  1851 | D        | Killed a shining eye
  1851 | D        | Reached ***** piety under Sif Muna
  1851 | D        | Identified Zibelack's Incunabulum of Ice (Sif Muna gifted
                  | it to you in the Dungeon)
  1851 | D        | Received a gift from Sif Muna
  1878 | D        | Killed a shining eye
  1924 | D        | Killed a shining eye
  1937 | D        | Noticed a shining eye
  1937 | D        | Noticed a shining eye
  1959 | D        | Gained mutation: You are dopey. (Int -2) [a shining eye]
  1991 | D        | Killed a shining eye
  2011 | D        | Killed a shining eye
  2026 | D        | Found Araalir's Jewellery Shoppe.
  2026 | D        | Found Vefures's Gadget Shop.
  2026 | D        | Found Kuvept's Distillery.
  2026 | D        | Found Netziesa's Gadget Boutique.
  2073 | D        | Learned a level 4 spell: Hailstorm
  2078 | D        | Learned a level 4 spell: Summon Ice Beast
  2082 | D        | Learned a level 3 spell: Frozen Ramparts
  2105 | D        | Killed an oklob plant
  2105 | D        | Reached skill level 14 in Spellcasting
  2105 | D        | Reached skill level 1 in Ice Magic
  2525 | D        | Killed a gargoyle
  2668 | D        | Killed an unseen horror
  2668 | D        | Identified Sif Muna's Volume of Excruciating Earth (Sif
                  | Muna gifted it to you in the Dungeon)
  2668 | D        | Received a gift from Sif Muna
  2858 | D        | Learned a level 7 spell: Spellforged Servitor
  2888 | D        | Killed an unseen horror
  2888 | D        | Reached XP level 11. HP: 24/63 MP: 8/29
  2932 | D        | Bought a ration for 65 gold pieces
  3090 | D        | Learned a level 5 spell: Lightning Bolt
  3112 | D        | Identified Sif Muna's Collected Works on Calling (Sif Muna
                  | gifted it to you in the Dungeon)
  3112 | D        | Received a gift from Sif Muna
  3115 | D        | Paralysed by a floating eye for 3 turns
  3157 | D        | Got a fading dagger
  3158 | D        | Identified the cursed +2 dagger "Heepapyec" {protect, rF+
                  | rN+ MR-} (You found it in the Dungeon)
  3167 | D        | Found Qaagoc's Magic Scroll Shoppe.
  3167 | D        | Found Lownoj's Magic Scroll Shop.
  3167 | D        | Found Tuuviw's Jewellery Boutique.
  3169 | D        | Found Qysem's Jewellery Emporium.
  3169 | D        | Found Citzoi's Antique Armour Shop.
  3169 | D        | Found Uhax's Gadget Shoppe.
  3169 | D        | Found Deohyjus's Armour Boutique.
  3169 | D        | Found Cuolomiehe's Assorted Antiques.
  3169 | D        | Found Zud Bikh's Food Shop.
  3169 | D        | Found Xiqageta's Assorted Antiques.
  3173 | D        | Found Xaages's Distillery.
  3174 | D        | Found Cones's Book Emporium.
  3174 | D        | Found Oxops's Assorted Antiques.
  3175 | D        | Found Yxajulin's Food Emporium.
  3211 | D        | Bought an emerald ring for 150 gold pieces
  3237 | D        | Bought an uncursed amulet of reflection for 420 gold pieces
  3238 | D        | Bought an uncursed ring of wizardry for 390 gold pieces
  3256 | D        | Bought a potion of curing for 39 gold pieces
  3287 | D        | Learned a level 5 spell: Summon Forest
  3319 | D        | Identified Sif Muna's Incunabulum of the Immovable Youths
                  | (Sif Muna gifted it to you in the Dungeon)
  3319 | D        | Received a gift from Sif Muna
  3319 | D        | Reached skill level 5 in Ice Magic
  3380 | D        | Noticed a lindwurm
  3467 | D        | Killed a lindwurm
  3616 | D        | Identified Sif Muna's Guide on Confrontation (Sif Muna
                  | gifted it to you in the Dungeon)
  3616 | D        | Received a gift from Sif Muna
  3627 | D        | Reached skill level 15 in Spellcasting
  3651 | D        | Reached skill level 5 in Dodging
  3822 | D        | Identified Sif Muna's Almanac of Creative Arcane Weapons
                  | (Sif Muna gifted it to you in the Dungeon)
  3822 | D        | Received a gift from Sif Muna
  3822 | D        | Reached ****** piety under Sif Muna
  3844 | D        | Reached skill level 10 in Stealth
  3911 | D        | Learned a level 5 spell: Iskenderun's Battlesphere
  3920 | D        | Noticed a 12-headed hydra
  3934 | D        | Killed a 12-headed hydra
  4054 | D        | Noticed a daeva
  4069 | D        | Killed a daeva
  4304 | D        | Killed an unseen horror
  4304 | D        | Reached skill level 5 in Air Magic
  4433 | D        | HP: 3/67 [something (7)]
  4434 | D        | Slain by an unseen horror

Illustrated notes

Levels and vault maps discovered:
D:        dungeon_sprint_1 [red_sonja_temple_1, red_sonja_temple_small_1]

Skill      XL: |  1  2  3  4  5  6  7  8  9 10 11 |
---------------+----------------------------------+-----
Stealth        | 3 5 6 8 9 10 | 10.7
Spellcasting   | 5 6 8 10 11 12 14 15 | 15.5
Conjurations   | 2 3 5 7 8 10 12 13 | 13.5
Dodging        | 3 4 5 |  5.2
Summonings     | 2 3 5 6 8 |  8.2
Fighting       | 1 4 |  4.0
Short Blades   | 1 2 3 4 |  4.7
Invocations    | 4 6 8 |  8.0
Fire Magic     | 1 2 3 |  3.6
Poison Magic   | 1 3 4 5 6 |  6.3
Air Magic      | 1 3 4 5 |  5.0
Translocations | 2 3 |  3.0
Throwing       | 1 2 |  2.9
Ice Magic      | 3 8 |  8.4

Action                   |  1- 3 |  4- 6 |  7- 9 | 10-12 || total
-------------------------+-------+-------+-------+-------++-------
Melee: Unarmed           |     8 |       |       |       ||     8
       Tentacles         |     1 |     1 |     5 |     9 ||    16
       Constrict         |     1 |       |     4 |    18 ||    23
       Dagger            |       |    14 |    23 |    60 ||    97
Throw: Dart              |       |       |     7 |       ||     7
 Cast: Call Imp          |     4 |     7 |     4 |    27 ||    42
       Magic Dart        |       |     6 |    14 |    12 ||    32
       Mephitic Cloud    |       |     2 |    19 |    16 ||    37
       Conjure Flame     |       |     1 |     8 |     3 ||    12
       Blink             |       |       |     2 |       ||     2
       Hailstorm         |       |       |       |    25 ||    25
       Summon Ice Beast  |       |       |       |    20 ||    20
       Frozen Ramparts   |       |       |       |     9 ||     9
       Lightning Bolt    |       |       |       |     8 ||     8
       Spellforged Servi |       |       |       |     3 ||     3
       Iskenderun's Batt |       |       |       |     1 ||     1
       Summon Forest     |       |       |       |     1 ||     1
Invok: Channel Magic     |       |       |       |     3 ||     3
       Forget Spell      |       |       |       |     1 ||     1
  Use: Potion            |     2 |       |     1 |       ||     3
       Scroll            |       |       |     1 |     3 ||     4
 Stab: Confused          |       |     1 |     4 |     6 ||    11
       Sleeping          |       |     1 |       |       ||     1
       Distracted        |       |     1 |       |       ||     1
  Eat: Chunk             |       |       |     1 |     5 ||     6
       Ration            |       |       |       |     2 ||     2
Armor: Skin              |     1 |       |       |     7 ||     8
Dodge: Dodged            |     1 |     7 |    11 |    30 ||    49
Block: Other             |       |       |       |    10 ||    10

Table legend:
 A = Non-vault XP
 B = Vault XP
 C = Vault XP percentage of total XP
 D = Non-vault monster count
 E = Vault monster count
 F = Vault count percentage of total count
                 A         B        C        D         E       F
            +---------+---------+-------+---------+---------+-------
      Total |       0 |   17807 | 100.0 |       0 |      69 | 100.0
            +---------+---------+-------+---------+---------+-------
          D |       0 |   17807 | 100.0 |       0 |      69 | 100.0
            +---------+---------+-------+---------+---------+-------
